 Dungeon Crawl Stone Soup version 0.29.0-4-gdea44cf6ec (webtiles) character file.

Game seed: 11631586697530420057

70 qw the Chopper (level 4, 0/28 HPs)
             Began as a Gargoyle Fighter on Sept 9, 2022.
             Slain by a kobold
             ... wielding a +2 mace of draining
              (5 damage)
             ... on level 3 of the Dungeon.
             The game lasted 00:01:02 (1763 turns).

qw the Chopper (Gargoyle Fighter)                   Turns: 1763, Time: 00:01:03

Health: 0/28       AC: 10    Str: 22    XL:     4   Next: 22%
Magic:  4/4        EV:  9    Int:  8    God:
Gold:   213        SH:  4    Dex:  9    Spells: 3/3 levels left

rFire   . . .      SeeInvis .   Y - +1 war axe
rCold   . . .      Faith    .   c - +0 buckler
rNeg    + . .      Spirit   .   b - +0 scale mail
rPois   inf        Reflect  .   (no helmet)
rElec   +          Harm     .   (no cloak)
rCorr   .          Rampage  .   (no gloves)
Will    .....                   (no boots)
Stlth   ..........              (no amulet)
HPRegen 0.09/turn               (no ring)
MPRegen 0.09/turn               (no ring)

@: no status effects
A: sickness immunity, AC +3, negative energy resistance 1, electricity
resistance, torment resistance 1, petrification resistance
a: no special abilities


You were on level 3 of the Dungeon.
You visited 1 branch of the dungeon, and saw 3 of its levels.

You collected 213 gold pieces.


Innate Abilities, Weirdness & Mutations

You are immune to sickness and miasma.
Your stone body is resilient. (AC +3)
You are immune to poison.
You resist negative energy. (rN+)
You are resistant to electric shocks. (rElec)
You are resistant to unholy torment.
You are immune to petrification.


   Skills:
 - Level 3.2 Fighting
 + Level 4.0 Axes
 - Level 3.2 Armour
 - Level 3.2 Shields


You had 3 spell levels left.
You didn't know any spells.
Your spell library was empty.

Inventory:

Hand Weapons
 k - a +0 whip
 Y - a +1 war axe (weapon)
Armour
 b - a +0 scale mail (worn)
 c - a +0 buckler (worn)
Jewellery
 a - a ring of flight
Scrolls
 h - a scroll of identify
Potions
 d - 2 potions of might
 e - a potion of lignification {unknown}
 f - a potion of degeneration {unknown}
 g - a potion of mutation {unknown}
 i - a potion of curing {unknown}
 j - a potion of flight {unknown}
 l - a potion of haste
 m - a potion of cancellation {unknown}

Dungeon Overview and Level Annotations

Branches:
Dungeon (3/15)

Altars:


Message History

You are frozen.
You hit the endoplasm.
The endoplasm is heavily wounded.
You block the endoplasm's attack.
You slash the endoplasm!
You kill the endoplasm!
You start resting.
HP restored.
You see here a staff of earth.
Enter note: You open the door.
Found a stone staircase leading down.
There is an open door here.
You now have 213 gold pieces (gained 15).
You open the door.
There is an open door here.
There is a stone staircase leading up here.
Found a dagger.
Enter note: A kobold comes into view. It is wielding a +2 mace of draining.
The kobold shouts!
The kobold moves out of view.
The kobold drinks a potion.
The kobold goes berserk!
The kobold hits you with a +2 mace of draining!
You hit the kobold but do no damage. The kobold hits you but does no damage.
The kobold hits you with a +2 mace of draining.
You hit the kobold but do no damage. You block the kobold's attack.
The kobold closely misses you.
You hit the kobold.
The kobold is moderately wounded.
The kobold closely misses you. The kobold barely misses you.
You closely miss the kobold.
The kobold is moderately wounded.
The kobold hits you with a +2 mace of draining!
The kobold hits you but does no damage.
You hit the kobold.
The kobold is almost dead.
The kobold hits you with a +2 mace of draining.
You die...

# ### #. ..#
#.#####.# #######
#.......# #.....#
###...##..####.....#
..................#
#..)....####.....#
##.###.## #.....#
#@....# ###.####
#K##### #.# # #'#
#.# # ... #.####
.... ####...##
...... #........
....... #...##.#.
'........
...........
###...#..#.


You could see a kobold (berserk).

Vanquished Creatures
  An adder (D:2)
  A dart slug (D:2)
  10 ball pythons (D:1)
  4 endoplasms
  3 giant cockroaches
  5 goblins
  6 hobgoblins
  4 jackals (D:3)
  2 kobolds
  3 quokkas
  4 bats
  4 frilled lizards
  6 rats
53 creatures vanquished.

Vanquished Creatures (others)
  7 plants (D:1)
7 creatures vanquished.

Grand Total: 60 creatures vanquished

Notes
Turn   | Place    | Note
-------+----------+-------------------------------------------
     0 | D:1      | qw the Gargoyle Fighter began the quest for the Orb.
     0 | D:1      | Reached XP level 1. HP: 14/14 MP: 1/1
     0 | D:1      | 0 ||| qw: Version: 0.1-a-113-g051387a
     0 | D:1      | 0 ||| qw: Game counter: 7116
     0 | D:1      | 0 ||| qw: Always use a shield: true
     0 | D:1      | 0 ||| qw: God list: Okawaru
     0 | D:1      | 0 ||| qw: Allow faded altars: false
     0 | D:1      | 0 ||| qw: Do Orc after D:15 true
     0 | D:1      | 0 ||| qw: Do second Lair branch before Depths: true
     0 | D:1      | 0 ||| qw: Lair rune preference: random
     0 | D:1      | 0 ||| qw: Plans: Normal, Zot, God:TSO, Crypt, Tomb, Zig,
                  | Orb
     0 | D:1      | 0 ||| PLANNING D:1-11
    70 | D:1      | Reached skill level 2 in Axes
   228 | D:1      | Reached XP level 2. HP: 19/19 MP: 2/2
   328 | D:1      | 328 ||| Stepping ~*~*~tactically~*~*~ (stealth).
   496 | D:1      | Reached skill level 3 in Axes
   524 | D:1      | Reached XP level 3. HP: 21/23 MP: 3/3
   557 | D:1      | Found a faded altar of an unknown god.
   963 | D:1      | 963 ||| READING scroll labelled KEOCHO QUS.
   966 | D:1      | 966 ||| READING scroll labelled GEATESANLY.
   967 | D:1      | 967 ||| READING scroll labelled BECIFO GAIPRO.
   968 | D:1      | 968 ||| READING scroll labelled OCIVAMADIOZ.
  1125 | D:2      | 1125 ||| DROPPING +0 club.
  1339 | D:2      | Reached XP level 4. HP: 28/28 MP: 4/4
  1350 | D:2      | 1350 ||| READING scroll labelled LYLLIU KIHIJU.
  1351 | D:2      | 1351 ||| READING scroll labelled OTHRAOC HIEROE.
  1352 | D:2      | 1352 ||| READING 2 scrolls labelled ETWEADOAWO.
  1353 | D:2      | 1353 ||| READING scroll labelled NERET TYER.
  1354 | D:2      | 1354 ||| DRINKING 2 grey potions.
  1529 | D:3      | 1529 ||| Stepping ~*~*~tactically~*~*~ (stealth).
  1562 | D:3      | Reached skill level 4 in Axes
  1762 | D:3      | HP: 5/28 [kobold/+2 mace of draining (8)]
  1763 | D:3      | Slain by a kobold

Levels and vault maps discovered:
D:1:      lightli_arrival_farm, layout_basic,
          shapermc_ecumenical_altar_acropolis
D:2:      layout_rooms
D:3:      layout_loops_corners, kennysheep_generic_room_6

Skill      XL: |  1  2  3  4 |
---------------+-------------+-----
Axes           | 2 3 4 |  4.0
Fighting       | |  3.2
Armour         | |  3.2
Shields        | |  3.2

Action                   |  1- 3 |  4- 6 || total
-------------------------+-------+-------++-------
Melee: War axe           |   132 |    27 ||   159
  Use: Scroll            |     4 |     4 ||     8
       Potion            |       |     1 ||     1
Armor: Scale mail        |    79 |     9 ||    88
Dodge: Dodged            |    56 |     8 ||    64
Block: Buckler           |    18 |     4 ||    22

Table legend:
 A = Non-vault XP
 B = Vault XP
 C = Vault XP percentage of total XP
 D = Non-vault monster count
 E = Vault monster count
 F = Vault count percentage of total count
                 A         B        C        D         E       F
            +---------+---------+-------+---------+---------+-------
      Total |     101 |       0 |   0.0 |      53 |       0 |   0.0
            +---------+---------+-------+---------+---------+-------
        D:1 |      46 |       0 |   0.0 |      29 |       0 |   0.0
        D:2 |      36 |       0 |   0.0 |      14 |       0 |   0.0
        D:3 |      19 |       0 |   0.0 |      10 |       0 |   0.0
            +---------+---------+-------+---------+---------+-------
